 Dungeon Crawl Stone Soup version 0.27.1-33-g824d729ab1 (webtiles) character file.

Game seed: 14579867408419172872

34955 joejoepie the Cleaver (level 13, 0/138 HPs)
             Began as a Naga Berserker on Dec 3, 2021.
             Was a High Priest of Trog.
             Slain by a freezing wraith (1 damage)
             ... led by a death knight
             ... on level 13 of the Dungeon on Dec 6, 2021.
             The game lasted 01:35:38 (20538 turns).

joejoepie the Cleaver (Naga Berserker)             Turns: 20538, Time: 01:35:38

Health: 0/138      AC: 16    Str: 20    XL:     13   Next: 80%
Magic:  0/13       EV: 13    Int:  9    God:    Trog [*****.]
Gold:   1065       SH:  0    Dex: 22    Spells: 12/12 levels left

rFire    . . .     SeeInvis +   a - +2 war axe (flame)
rCold    . . .     Faith    .   (no shield)
rNeg     . . .     Spirit   +   s - +2 robe {Will+}
rPois    +         Reflect  .   (no helmet)
rElec    .         Harm     .   y - +2 cloak
rCorr    .         Rampage  .   (no gloves)
Will     ++...                  c - +2 barding {Fly}
Stlth    +++++.....             w - amulet of guardian spirit
HPRegen  0.33/turn              o - +6 ring of dexterity
MPRegen  0.13/turn              m - +4 ring of slaying

@: flying, slowed, very slow
A: AC +4, large, see invisible, deformed body, poison resistance, slowness 2,
spit poison 1, naga tail 2, clever 1, robust 1
a: Spit Poison, Renounce Religion, Berserk, Trog's Hand, Brothers in Arms


You were on level 13 of the Dungeon.
You worshipped Trog.
Trog was extremely pleased with you.
You visited 3 branches of the dungeon, and saw 17 of its levels.

You collected 1200 gold pieces.
You spent 135 gold pieces at shops.

Inventory:

Hand Weapons
 a - a +2 war axe of flaming (weapon)
 b - the +7 hunting sling of Bile {freeze, rN+}
   (You found it on level 10 of the Dungeon)

   Any ammunition fired from it freezes those it strikes, dealing additional
   cold damage.
   It can also slow down cold-blooded creatures.
   rN:        It protects you from negative energy.
 g - a +2 short sword of venom
 x - a +2 quarterstaff of chaos
 D - a +0 hand axe
 F - a +1 hunting sling of venom
 H - a +5 long sword of electrocution
 T - a +2 flail of protection
Missiles
 d - 365 stones
 r - 49 sling bullets
 C - 6 throwing nets
Armour
 c - a +2 barding of flying (worn)
 h - a +0 buckler
 p - the +5 leather armour of Immorality {rF+}
   (You found it on level 4 of the Dungeon)

   rF:        It protects you from fire.
 q - a +0 animal skin
 s - a +2 robe of willpower (worn)
 y - a +2 cloak (worn)
 z - +0 acid dragon scales
 A - a +0 tower shield
Jewellery
 e - a ring of protection from cold
 j - an amulet of magic regeneration
 m - a +4 ring of slaying (right hand)
 o - a +6 ring of dexterity (left hand)
 w - an amulet of guardian spirit (around neck)
 I - the ring "Utisosa" {rC+ Str+7 SInv}
   (You found it on level 12 of the Dungeon)

   [ring of protection from cold]

   Str:       It affects your strength (+7).
   rC:        It protects you from cold.
   SInv:      It lets you see invisible.
 K - an amulet of regeneration
 S - an amulet of the acrobat
Wands
 i - a wand of paralysis (11)
 t - a wand of acid (30)
 u - a wand of flame (50)
 M - a wand of charming (6)
Scrolls
 f - 12 scrolls of identify
 l - 2 scrolls of fear
 v - 5 scrolls of teleportation
 N - a scroll of holy word
 R - 2 scrolls of amnesia
Potions
 k - 9 potions of curing
 n - 2 potions of invisibility
 B - 4 potions of brilliance
 E - a potion of might
 G - a potion of flight
 J - a potion of ambrosia {unknown}
 P - a potion of haste
Miscellaneous
 L - a phantom mirror


   Skills:
 + Level 10.9 Fighting
 + Level 14.5 Axes
 + Level 6.8 Slings
 + Level 1.8 Armour
 + Level 8.1 Dodging
 + Level 11.8 Stealth
 + Level 3.3 Shields


You had 12 spell levels left.
You didn't know any spells.
Your spell library contained the following spells:

 Spells                   Type           Power      Damage    Failure   Level
 Gell's Gravitas          Tloc           0%         N/A       77%         3
 Teleport Other           Tloc           0%         N/A       77%         3
 Dispersal                Tloc           0%         N/A       100%        6


Dungeon Overview and Level Annotations

Branches:
Dungeon (13/15)            Temple (0/1) D:6            Lair (3/6) D:9
  Swamp (0/4) Lair:3        Snake (0/4) Lair:3          Orc (1/2) D:12
 Vaults: D:13-14

Altars:
Yredelemnul
Beogh

Shops:
D:13 *   Orc:1 =

Portals:
Trove: D:10 (give +6 demon whip)

Annotations:
D:5 1 runed translucent door, Joey40's ghost, novice MiBe
Lair:2 exclusion: 3 oklob plants


Innate Abilities, Weirdness & Mutations

Your serpentine skin is tough. (AC +4)
You have supernaturally acute eyesight. (SInv)
Armour fits poorly on your strangely shaped body.
Your system is resistant to poisons. (rPois)
You cover ground very slowly.
You can spit poison.
You can use your snake-like lower body to constrict enemies.
Your mind is acute. (Int +2)
You are robust. (+10% HP)


Message History

You constrict the death knight, but do no damage.
The death knight calls down the wrath of Yredelemnul upon you.
You resist with almost no effort. The freezing wraith hits you.
The freezing wraith freezes you! The freezing wraith hits you.
The freezing wraith drains your vigour!
You feel as though you will be slow longer.
You release your grip on the death knight.
The death knight hits you from afar with a +0 glaive!
The death knight misses you. The freezing wraith barely misses you.
The freezing wraith misses you. The death knight misses you.
You hit the freezing wraith. You burn the freezing wraith.
The freezing wraith is moderately damaged.
The freezing wraith closely misses you.
The freezing wraith hits you but does no damage.
The death knight barely misses you.
You slash the freezing wraith! You burn the freezing wraith!
The freezing wraith is almost destroyed.
The freezing wraith closely misses you. The freezing wraith hits you!
The death knight hits you from afar with a +0 glaive!!
You barely miss the freezing wraith.
The freezing wraith is almost destroyed.
The death knight's dark mirror aura disappears.
The freezing wraith hits you but does no damage. x2
The death knight hits you from afar with a +0 glaive!
* * * LOW HITPOINT WARNING * * *
Okay, then.
Okay, then.
As you read the scroll of fog, it crumbles to dust.
The scroll dissolves into smoke.
The freezing wraith hits you.
* * * LOW HITPOINT WARNING * * *
The freezing wraith freezes you!
* * * LOW HITPOINT WARNING * * *
The freezing wraith hits you.
* * * LOW HITPOINT WARNING * * *
The freezing wraith drains your vigour!
You feel as though you will be slow longer.
The death knight hits you from afar with a +0 glaive!
* * * LOW HITPOINT WARNING * * *
The freezing wraith hits you.
You die...

#......#:...###...
#......#....###...
#......#.....#....
#......#.....#....
#.###..#.....'....
#)###..#.....#....
#§§§...########...
#§§§...... ####'#
#@######## #.....
#W######## #.....
#pWW...... #.....
#(....<..( #.....
#..(...... ######
#.........
#...(.....
#.###..... #..
.....


You could see a death knight and 2 freezing wraiths.

Vanquished Creatures
  Harold (D:9)
  Erica (D:9)
  3 hydras
  6 two-headed ogres
  A tengu warrior (D:12)
  Nergalle (D:12)
  Sonja (Lair:2)
  Pikel (D:8)
  A deep elf pyromancer (D:11)
  2 manticores (D:12)
  An ugly thing (D:12)
  5 cyclopes
  6 elephants (Lair:3)
  Joseph (D:10)
  4 black mambas (Lair:3)
  3 cane toads
  Psyche (D:8)
  A gargoyle (D:11)
  An unseen horror (D:13)
  A yaktaur (D:12)
  5 komodo dragons
  A tengu conjurer (D:13)
  A troll (D:10)
  A hornet (D:10)
  7 blink frogs (Lair:1)
  A blink frog (shapeshifter) (D:13)
  A centaur simulacrum (D:11)
  2 wraiths
  20 yaks
  Grum (D:9)
  5 wyverns
  5 basilisks
  19 water moccasins
  4 acid dragons
  10 orc warriors
  2 sky beasts
  A necrophage (D:4)
  11 wolves
  5 ogres
  3 phantoms
  2 centaurs
  7 bullfrogs
  3 gnoll sergeants
  A cane toad simulacrum (Lair:2)
  A water moccasin skeleton (D:5)
  6 killer bees (D:9)
  9 wights
  5 howler monkeys
  2 bullfrog zombies (D:6)
  3 centaur zombies
  2 centaur skeletons
  10 orc priests
  2 hounds
  A jelly (D:4)
  A bullfrog skeleton (D:4)
  A gnoll shaman (D:10)
  Crazy Yiuf (D:6)
  5 iguanas
  11 orc wizards
  2 wolf simulacra (Lair:2)
  A killer bee zombie (D:6)
  A hound zombie (D:5)
  A mummy (D:6)
  A howler monkey zombie (D:6)
  16 gnolls
  9 adders
  A shadow imp (D:5)
  2 white imps
  An ufetubus (D:6)
  4 worms (D:2)
  6 dart slugs
  35 orcs
  5 bats
  8 endoplasms
  2 giant cockroaches
  4 goblins
  4 hobgoblins
  3 jackals (D:2)
  2 quokkas
  7 ball pythons
  11 frilled lizards
  2 hobgoblin zombies (D:6)
  7 kobolds
  2 kobold zombies (D:6)
  5 rats
  A butterfly (Lair:1)
363 creatures vanquished.

Vanquished Creatures (others)
  2 bushes (D:9)
  16 fungi
  56 plants
  2 withered plants (D:5)
76 creatures vanquished.

Grand Total: 439 creatures vanquished

Notes
Turn   | Place    | Note
-------+----------+-------------------------------------------
     0 | D:1      | joejoepie the Naga Berserker began the quest for the Orb.
     0 | D:1      | Reached XP level 1. HP: 21/21 MP: 1/1
    21 | D:1      | Identified a scroll of acquirement
    21 | D:1      | Acquired a +2 barding of flying
   263 | D:1      | Reached XP level 2. HP: 28/28 MP: 2/2
  1414 | D:2      | Reached XP level 3. HP: 34/34 MP: 3/3
  1489 | D:2      | Reached skill level 1 in Stealth
  1598 | D:2      | Found a faded altar of an unknown god.
  1738 | D:2      | Reached ** piety under Trog
  1739 | D:2      | Reached XP level 4. HP: 43/43 MP: 4/4
  2108 | D:2      | Reached skill level 4 in Axes
  2457 | D:3      | Found a basalt altar of Yredelemnul.
  2831 | D:3      | You are sucked into a shaft and drop 1 floor!
  2861 | D:4      | Noticed a necrophage
  3056 | D:4      | Reached XP level 5. HP: 44/50 MP: 5/5
  3244 | D:4      | You are sucked into a shaft and drop 1 floor!
  3244 | D:5      | Entered Level 5 of the Dungeon
  3394 | D:4      | Identified the +5 leather armour of Immorality {rF+}
  3808 | D:4      | Reached XP level 6. HP: 56/57 MP: 6/6
  3861 | D:4      | Killed a necrophage
  3862 | D:4      | Reached skill level 5 in Axes
  4264 | D:5      | Noticed a water moccasin
  4307 | D:5      | Reached XP level 7. HP: 53/66 MP: 7/7
  4544 | D:5      | Reached skill level 6 in Axes
  4605 | D:5      | Found a runed translucent door.
  4605 | D:5      | Noticed Joey40's ghost (novice MiBe)
  4820 | D:5      | Reached skill level 1 in Shields
  4979 | D:5      | Reached *** piety under Trog
  4980 | D:5      | Reached skill level 5 in Stealth
  5126 | D:6      | Reached XP level 8. HP: 64/73 MP: 8/8
  5229 | D:6      | Reached skill level 5 in Fighting
  5229 | D:6      | Reached skill level 1 in Slings
  5312 | D:6      | Reached skill level 7 in Axes
  5325 | D:6      | Found a runed translucent door.
  5326 | D:6      | Noticed Crazy Yiuf
  5396 | D:6      | Found a staircase to the Ecumenical Temple.
  5900 | D:6      | Gained mutation: You are robust. (+10% HP) [potion of
                  | mutation]
  5900 | D:6      | Gained mutation: Your mind is acute. (Int +2) [potion of
                  | mutation]
  6084 | D:6      | Killed Crazy Yiuf
  6587 | D:7      | Reached XP level 9. HP: 89/89 MP: 9/9
  6620 | D:7      | Identified the +0 rapier of the Chain {pain, *Rage rC++}
  6884 | D:7      | Reached skill level 8 in Axes
  7188 | D:8      | Noticed Psyche
  7207 | D:8      | Killed Psyche
  7409 | D:8      | Noticed Pikel
  7436 | D:8      | Killed Pikel
  7780 | D:8      | Reached **** piety under Trog
  8457 | D:8      | Reached skill level 9 in Axes
  8792 | D:9      | Noticed a two-headed ogre
  8796 | D:9      | Noticed Erica
  8812 | D:8      | Reached XP level 10. HP: 61/100 MP: 10/10
  9102 | D:9      | Noticed Harold
  9122 | D:9      | Killed Harold
  9308 | D:9      | Reached skill level 5 in Dodging
  9405 | D:9      | Killed a two-headed ogre
  9406 | D:9      | Reached skill level 10 in Axes
  9516 | D:9      | Noticed Grum
  9532 | D:9      | Killed Grum
  9547 | D:9      | Found a staircase to the Lair.
  9705 | D:9      | Reached XP level 11. HP: 110/110 MP: 11/11
  9715 | D:9      | Noticed a two-headed ogre
  9728 | D:9      | Killed a two-headed ogre
  9729 | D:9      | Reached skill level 11 in Axes
  9895 | D:9      | Killed Erica
 10226 | D:9      | Reached ***** piety under Trog
 10361 | Lair:1   | Entered Level 1 of the Lair of Beasts
 10361 | Lair:1   | Found a gate leading to a gauntlet.
 10489 | D:10     | Entered Level 10 of the Dungeon
 10541 | D:10     | Reached skill level 10 in Stealth
 10675 | D:10     | Noticed Joseph
 10680 | D:10     | Killed Joseph
 11448 | D:10     | Found a portal to a secret trove of treasure.
 11502 | D:10     | Identified the +7 hunting sling of Bile {freeze, rN+}
 11802 | D:11     | Noticed a cyclops
 11809 | D:11     | Killed a cyclops
 11810 | D:11     | Reached skill level 12 in Axes
 11968 | D:11     | Noticed a two-headed ogre
 11973 | D:11     | Killed a two-headed ogre
 12454 | D:11     | Reached XP level 12. HP: 123/123 MP: 12/12
 13540 | D:12     | Reached skill level 5 in Slings
 13582 | D:12     | Noticed a six-headed hydra
 13608 | D:12     | Killed a two-headed hydra
 14136 | D:12     | Identified the ring "Utisosa" {rC+ Str+7 SInv}
 14208 | D:12     | Noticed a two-headed ogre
 14216 | D:12     | Killed a two-headed ogre
 14343 | D:12     | Found a staircase to the Orcish Mines.
 14659 | D:12     | Reached skill level 13 in Axes
 14919 | Orc:1    | Entered Level 1 of the Orcish Mines
 14919 | Orc:1    | Noticed Nergalle
 14972 | D:13     | Noticed a tengu warrior
 14999 | D:12     | Killed a tengu warrior
 15328 | Lair:1   | Noticed a five-headed hydra
 15389 | D:9      | Killed a two-headed hydra
 15796 | Lair:1   | Received a gift from Trog
 16367 | Lair:1   | Gained mutation: You can use your snake-like lower body to
                  | constrict enemies. [Naga growth]
 16367 | Lair:1   | Reached XP level 13. HP: 135/135 MP: 13/13
 16507 | Lair:1   | Reached skill level 10 in Fighting
 16884 | Lair:2   | Noticed Sonja
 17020 | D:12     | Killed Nergalle
 17658 | Orc:1    | Found Belipaph's Jewellery Emporium.
 18309 | Lair:2   | Killed Sonja
 18784 | Lair:3   | Found a staircase to the Swamp.
 18827 | Lair:3   | Found a staircase to the Snake Pit.
 18832 | Lair:3   | Reached skill level 14 in Axes
 20465 | D:13     | Found Viatied's Assorted Antiques.
 20473 | D:13     | Bought a potion of curing for 81 gold pieces
 20473 | D:13     | Bought a scroll labelled XAFACI LOPIE for 27 gold pieces
 20473 | D:13     | Bought a scroll labelled QUITEE MENYLI for 27 gold pieces
 20538 | D:13     | HP: 1/138 [death knight (14)]
 20538 | D:13     | Slain by a freezing wraith

Illustrated notes

Levels and vault maps discovered:
D:1:      minmay_arrival_up_and_down, layout_basic
D:2:      layout_loops_ring, shapermc_ecumenical_altar_notcrosses
D:3:      layout_loops_ring, mainiacjoe_overflow_catwalk
D:4:      layout_loops_cross, kennysheep_generic_room_11
D:5:      layout_loops_ring, gammafunk_ghost_grave, gup_sewer_entry_glass,
          minmay_lizard_king
D:6:      layout_basic, minmay_temple_entry_antechambers, minivault_24,
          minmay_mini_ossuary, uniq_crazy_yiuf_cottage
D:7:      layout_basic
D:8:      layout_loops_corners, kennysheep_nub, uniq_psyche, uniq_pikel
D:9:      layout_loops_ring, minmay_lair_entry_grove, uniq_grum, uniq_harold,
          uniq_erica
D:10:     layout_loops_ring, trove_entry_hex_spiral, hellmonk_bongcloud_opening,
          statue_in_the_mist_lemuel, hangedman_decor_points,
          columned_hall_lemuel, uniq_joseph
D:11:     layout_stronghold
D:12:     minmay_stepped, layout_cave_pools, david_orc_3
D:13:     layout_stronghold, david_vaults_4, serial_shops, shop
Lair:1:   layout_small_grid, gauntlet_entry_generic,
          nicolae_volcano_entry_hallway, serial_bayou_pond_b,
          lemuel_fruit_fields
Lair:2:   layout_misc_corridors, portal_ice_cave_entry_ice_simulacra,
          minmay_lair_oklob_chamber, uniq_sonja
Lair:3:   layout_chaotic_city, minmay_swamp_entry_reptiles,
          minmay_snake_entry_six_corridors
Orc:1:    nicolae_orc_accident_2, layout_caves, serial_shops, shop,
          uniq_nergalle

Skill      XL: |  1  2  3  4  5  6  7  8  9 10 11 12 13 |
---------------+----------------------------------------+-----
Stealth        | 1 2 3 4 5 6 8 10 11 | 11.8
Axes           | 4 5 6 7 9 10 12 13 14 | 14.5
Fighting       | 4 5 6 7 8 9 10 | 10.9
Dodging        | 2 3 4 5 6 7 8 |  8.1
Shields        | 1 2 3 |  3.3
Slings         | 2 4 5 6 |  6.8
Armour         | |  1.8

Action                   |  1- 3 |  4- 6 |  7- 9 | 10-12 | 13-15 || total
-------------------------+-------+-------+-------+-------+-------++-------
Melee: Hand axe          |   121 |   148 |   247 |    39 |       ||   555
       War axe           |       |       |       |   417 |   176 ||   593
       Constrict         |       |       |       |       |    44 ||    44
 Fire: Hunting sling     |       |     1 |    31 |    36 |    74 ||   142
Invok: Berserk           |       |     1 |     6 |     6 |     2 ||    15
 Abil: Spit Poison       |     4 |     6 |    11 |    18 |     6 ||    45
Evoke: Wand              |       |     1 |       |       |       ||     1
  Use: Scroll            |     3 |     1 |     6 |     6 |     7 ||    23
       Potion            |       |     4 |     3 |     3 |     4 ||    14
 Stab: Sleeping          |     1 |     7 |    10 |    10 |     6 ||    34
       Distracted        |       |       |       |     1 |       ||     1
Armor: Animal skin       |    83 |    66 |    85 |       |       ||   234
       Robe              |       |       |    17 |   238 |    96 ||   351
       Skin              |       |       |    12 |       |       ||    12
Dodge: Dodged            |    52 |    44 |    82 |   285 |   115 ||   578
Block: Buckler           |     6 |    30 |    46 |     8 |       ||    90
